 Dungeon Crawl Stone Soup version 0.26-a0-771-g060e6a62af (webtiles) character file.

Game seed: 15300757483123563172

40086 RaHiT the Covert (level 14, -14/99 HPs)
             Began as an Octopode Delver on Nov 8, 2020.
             Was the Champion of Cheibriados.
             Killed from afar by a fire dragon (50 damage)
             ... with a blast of flame
             ... on level 6 of the Lair of Beasts.
             The game lasted 01:30:30 (17915 turns).

RaHiT the Covert (Octopode Delver)                 Turns: 17915, Time: 01:30:30

Health: -14/99     AC:  3    Str: 45    XL:     14   Next: 9%
Magic:  20/20      EV: 19    Int: 31    God:    Cheibriados [******]
Gold:   689        SH: 11    Dex: 35    Spells: 18/18 levels left

rFire    . . .     SeeInvis .     - Unarmed
rCold    + . .     Faith    .   R - +2 buckler
rNeg     . . .     Spirit   .   r - +2 hat
rPois    .         Reflect  .   P - amulet of regeneration
rElec    .         Harm     .   b - +6 ring of strength
rCorr    +         Rampage  .   T - +6 ring of strength
MR       +....                  U - ring of resist corrosion
Stlth    +++++++...             W - +6 ring of dexterity
HPRegen  0.66/turn              S - +6 ring of strength
MPRegen  0.17/turn              X - ring of protection from cold
                                (no ring)
                                (no ring)

@: very slow
A: almost no armour, stealthy swim, amphibious, 8 rings, constrict 8, camouflage
1, gelatinous body 1
a: Bend Time, Temporal Distortion, Slouch, Step From Time, Renounce Religion


You were on level 6 of the Lair of Beasts.
You worshipped Cheibriados.
Cheibriados was exalted by your worship.
You visited 3 branches of the dungeon, and saw 17 of its levels.
You also visited: Ice Cave.

You collected 1169 gold pieces.
You spent 480 gold pieces at shops.

Inventory:

Missiles
 o - 3 curare-tipped darts
 t - 29 boomerangs (quivered)
 y - 6 silver javelins
 B - 6 throwing nets
 D - 100 bolts
 M - 12 javelins
 N - 38 poisoned darts
Armour
 r - a +2 hat (worn)
 O - a +0 kite shield
 R - a +2 buckler (worn)
Magical Staves
 G - an uncursed staff of air {unknown}
 Q - an uncursed staff of conjuration
Jewellery
 a - an uncursed amulet of the acrobat
 b - a +6 ring of strength (left tentacle)
 I - an uncursed amulet of guardian spirit
 P - an amulet of regeneration (around mantle)
 S - a +6 ring of strength (on tentacle)
 T - a +6 ring of strength (right tentacle)
 U - a ring of resist corrosion (on tentacle)
 W - a +6 ring of dexterity (on tentacle)
 X - a ring of protection from cold (on tentacle)
 Y - an uncursed ring of fire
Wands
 e - a wand of digging (10)
 k - a wand of disintegration (17)
 p - a wand of enslavement (8)
 w - a wand of iceblast (19)
 A - a wand of flame (4)
 J - a wand of polymorph (21)
Scrolls
 c - 2 scrolls of fear
 f - 4 scrolls of immolation
 h - 15 scrolls of teleportation
 i - 2 scrolls of identify
 n - a scroll of brand weapon {unknown}
 q - 8 scrolls of remove curse
 E - 6 scrolls of amnesia
 H - 2 scrolls of fog
 K - 2 scrolls of enchant weapon
 Z - a scroll of vulnerability
Potions
 d - a potion of invisibility
 g - 7 potions of curing
 j - 2 potions of lignification
 l - a potion of magic {unknown}
 m - 5 potions of heal wounds
 s - 5 potions of attraction
 u - 6 potions of might
 v - 6 potions of brilliance
 x - 8 potions of flight
 z - 2 potions of resistance
 C - a potion of ambrosia {unknown}
 F - 4 potions of mutation
 V - 2 potions of cancellation
Miscellaneous
 L - a box of beasts (inert)


   Skills:
 - Level 10.0 Fighting
 - Level 10.0 Throwing
 - Level 5.0 Dodging
 - Level 10.0 Stealth
 - Level 10.0 Shields
 - Level 10.0 Unarmed Combat
 + Level 2.9 Spellcasting
 - Level 9.0 Invocations
 - Level 10.0 Evocations


You had 18 spell levels left.
You didn't know any spells.
Your spell library contained the following spells:

 Spells                   Type           Power        Failure   Level
 Corona                   Hex            #......      7%          1
 Summon Small Mammal      Summ           #...         7%          1
 Call Imp                 Summ           #.......     11%         2
 Slow                     Hex            #.......     11%         2
 Call Canine Familiar     Summ           #.......     21%         3
 Ignite Poison            Fire/Tmut/Pois #.......     21%         3
 Inner Flame              Hex/Fire       #.......     21%         3
 Portal Projectile        Hex/Tloc       #.....       21%         3
 Summon Guardian Golem    Hex/Summ       #.......     21%         3
 Cause Fear               Hex            #.........   56%         4
 Leda's Liquefaction      Hex/Erth       #.........   56%         4
 Summon Ice Beast         Ice/Summ       #.......     56%         4
 Summon Lightning Spire   Summ/Air       #.......     56%         4
 Fireball                 Conj/Fire      #.........   88%         5
 Starburst                Conj/Fire      #.........   100%        6
 Ignition                 Fire           #.........   100%        8


Dungeon Overview and Level Annotations

Branches:
Dungeon (11/15)            Temple (1/1) D:4            Lair (6/6) D:11
  Slime (0/5) Lair:5          Orc (0/2) D:9           IceCv (visited)
  Swamp: Lair:2-4    Shoals: Lair:2-4     Snake: Lair:2-4    Spider: Lair:2-4

Altars:
Ashenzari
Cheibriados
Dithmenos
Elyvilon
Fedhas
Gozag
Hepliaklqana
Kikubaaqudgha
Makhleb
Nemelex Xobeh
Okawaru
Qazlal
Ru
Sif Muna
Trog
Uskayaw
Vehumet
Wu Jian
Xom
Yredelemnul
Zin
The Shining One
Jiyva

Shops:
D:6 }   D:11 (

Annotations:
D:4 exclusion: upstairs


Innate Abilities, Weirdness & Mutations

You cannot wear most types of armour.
You are very stealthy in the water. (Stealth+)
You are amphibious.
You can wear up to eight rings at the same time.
You can use your tentacles to constrict eight enemies at once.
Your skin changes colour to match your surroundings (Stealth+).
Your rubbery body absorbs attacks. (AC +1, EV +1)


Message History

The fire dragon is moderately wounded.
Throwing (i - inventory. (/) - cycle)
t - 29 boomerangs (quivered)
Press: ? - help, Shift-Dir - straight line, f/p - fire dragon
Aim: a fire dragon (water, moderately wounded, catching its breath)
You throw a boomerang. The boomerang hits the fire dragon!
The fire dragon is heavily wounded.
You tentacle-slap the fire dragon.
The fire dragon is heavily wounded.
The fire dragon barely misses you. You block the fire dragon's attack.
The fire dragon closely misses you.
You tentacle-slap the fire dragon but do no damage.
The fire dragon is heavily wounded.
The fire dragon bites you. The fire dragon claws you.
The fire dragon tramples you!
You stumble backwards!
You barely miss the fire dragon. You squeeze the fire dragon!
The fire dragon is severely wounded.
The fire dragon breathes flames at you. The blast of flame hits you!!!
Ouch! That really hurt!
You die...

### ### ##.## ##.####.#..
♣♣♣♣♣♣♣♣♣ ##..........
.≈≈.≈(.≈♣♣♣ ##...........
≈≈≈≈≈≈(D@.♣♣#............
≈≈≈((≈≈≈...♣#............
≈≈≈≈≈(≈≈≈P.♣#............
≈≈≈≈...(≈..♣#.P..........
...≈.♣.♣≈≈≈♣#.#..........
$♣.♣♣♣♣♣†≈.♣#............
♣♣♣♣≈♣≈††.♣#............
♣♣♣≈.♣≈.≈♣♣#..#.........
♣♣..≈.†..♣♣ #............


You could see a fire dragon (catching breath).

Vanquished Creatures
  An entropy weaver (Lair:6)
  3 hydras
  A catoblepas (Lair:6)
  A death yak (Lair:6)
  2 unseen horrors (D:10)
  Pikel (D:8)
  A swamp dragon (Lair:6)
  A lindwurm (Lair:6)
  A necromancer (IceCv)
  An ugly thing (D:8)
  A black mamba (Lair:6)
  5 ice statues (IceCv)
  A torpor snail (Lair:6)
  8 cane toads
  Maggie (D:9)
  Psyche (D:9)
  3 rime drakes
  11 ice devils
  7 komodo dragons
  A yaktaur (D:8)
  2 trolls
  A polar bear (Lair:5)
  3 tyrant leeches (D:10)
  Prince Ribbit (D:9)
  A hornet (D:10)
  7 blink frogs
  8 dream sheep
  A meliai zombie (D:10)
  Sigmund (D:3)
  2 vampires (D:10)
  2 wraiths (D:11)
  16 yaks
  6 wyverns
  A basilisk (Lair:2)
  A golden eye (shapeshifter) (D:11)
  3 vampire mosquitoes (D:10)
  4 acid dragons (Lair:6)
  14 soldier ants (Lair:6)
  12 water moccasins
  A hornet zombie (D:11)
  5 orc warriors
  7 ice beasts
  8 ogres
  2 sky beasts
  A swamp drake (Lair:6)
  A necrophage (D:8)
  2 phantoms
  4 black bears
  8 centaurs
  15 wolves
  A lemure (D:8)
  A big kobold (D:10)
  13 bullfrogs
  7 gnoll sergeants
  A wyvern skeleton (D:7)
  2 scorpions
  8 killer bees
  14 wights
  2 bullfrog zombies
  2 draconian simulacra (IceCv)
  A jelly (D:8)
  8 hounds
  Crazy Yiuf (D:6)
  3 bullfrog skeletons
  13 orc priests
  2 gnoll shamans (D:7)
  6 iguanas
  A centaur skeleton (D:6)
  Terence (D:2)
  11 orc wizards
  18 worker ants
  2 hell rats (Lair:2)
  3 troll simulacra (IceCv)
  2 centaur simulacra (IceCv)
  A hound skeleton (D:8)
  A howler monkey zombie (D:10)
  43 gnolls
  12 adders
  3 naga simulacra (IceCv)
  8 river rats (Lair:2)
  A shadow imp (D:6)
  2 white imps
  2 ufetubi
  2 oozes
  2 adder zombies
  6 worms
  2 dart slugs (D:1)
  4 leopard geckos
  66 orcs
  7 giant cockroaches
  7 goblins
  8 hobgoblins
  30 jackals
  13 kobolds
  4 quokkas
  9 bats
  2 frilled lizards
  8 rats
558 creatures vanquished.

Vanquished Creatures (others)
  A human (D:8)
  51 fungi
  64 plants
116 creatures vanquished.

Grand Total: 674 creatures vanquished

Notes
Turn   | Place    | Note
-------+----------+-------------------------------------------
     0 | D:5      | RaHiT the Octopode Delver began the quest for the Orb.
     0 | D:5      | Reached XP level 1. HP: 16/16 MP: 1/1
    93 | D:6      | Noticed a wight
   268 | D:6      | Found a broken altar of Ashenzari.
   268 | D:6      | Found a shimmering altar of Xom.
   269 | D:6      | Found an ornate altar of the Wu Jian Council.
   290 | D:6      | Found a runed translucent door.
   349 | D:6      | Found a glowing silver altar of Zin.
   379 | D:5      | Noticed an orc wizard
   379 | D:5      | Noticed an orc priest
   379 | D:5      | Noticed an orc priest
   379 | D:5      | Noticed an orc priest
   631 | D:7      | Noticed a gnoll sergeant
   666 | D:6      | Reached XP level 2. HP: 21/21 MP: 2/2
   698 | D:6      | Found Haclia's Gadget Shop.
   711 | D:6      | Reached XP level 3. HP: 24/26 MP: 3/3
   759 | D:6      | Reached XP level 4. HP: 31/31 MP: 4/4
   792 | D:6      | Got a warped trident
  1151 | D:6      | Reached XP level 5. HP: 29/36 MP: 5/5
  1340 | D:6      | Found an opulent altar of Gozag.
  2060 | D:5      | Reached XP level 6. HP: 39/42 MP: 6/6
  2096 | D:5      | Reached skill level 5 in Unarmed Combat
  2250 | D:5      | Reached XP level 7. HP: 49/49 MP: 7/7
  2264 | D:5      | Reached skill level 5 in Fighting
  3028 | D:5      | Reached skill level 5 in Dodging
  3466 | D:4      | Reached XP level 8. HP: 51/55 MP: 8/8
  3573 | D:4      | Found a staircase to the Ecumenical Temple.
  3581 | Temple   | Entered the Ecumenical Temple
  3721 | Temple   | Became a worshipper of Cheibriados the Contemplative
  4205 | D:4      | Reached skill level 5 in Throwing
  4205 | D:4      | Reached skill level 1 in Evocations
  4505 | D:3      | Noticed Sigmund
  4605 | D:3      | Reached * piety under Cheibriados
  4816 | D:3      | Reached ** piety under Cheibriados
  4949 | D:2      | Noticed Terence
  4960 | D:2      | Killed Terence
  5323 | D:2      | Found a faded altar of an unknown god.
  5441 | D:2      | Reached skill level 5 in Evocations
  5841 | D:1      | Found a broken altar of Ashenzari.
  5849 | D:1      | Reached *** piety under Cheibriados
  6642 | D:3      | Killed Sigmund
  6642 | D:3      | Reached XP level 9. HP: 58/61 MP: 9/9
  6801 | D:3      | Reached **** piety under Cheibriados
  8002 | D:5      | Got a jewelled long sword
  8119 | D:6      | Reached skill level 10 in Stealth
  8174 | D:6      | Reached skill level 1 in Invocations
  8239 | D:6      | Identified the +8 trident of Benevolence {venom, *Rage
                  | Int+3 Stlth+} (You found it on level 6 of the Dungeon)
  8240 | D:6      | Identified the +7 long sword "Masun" {freeze, Str+4} (You
                  | found it on level 5 of the Dungeon)
  8642 | D:6      | Noticed Crazy Yiuf
  8771 | D:6      | Killed Crazy Yiuf
  8930 | D:6      | Bought a box of beasts for 480 gold pieces
  8984 | D:7      | Found a hazy altar of Hepliaklqana.
  8997 | D:7      | Reached ***** piety under Cheibriados
  9062 | D:7      | Reached skill level 5 in Invocations
  9748 | D:7      | Reached XP level 10. HP: 50/66 MP: 12/15
 10414 | D:8      | Noticed Pikel
 10426 | D:8      | Killed Pikel
 10794 | D:8      | Found an ancient bone altar of Kikubaaqudgha.
 10846 | D:8      | Reached skill level 5 in Shields
 10914 | D:8      | Noticed a purple ugly thing
 10924 | D:8      | Killed a purple ugly thing
 11026 | D:8      | Identified the cursed +1 robe of Proximity {Int+3 Stlth+}
 11060 | D:8      | Found the +2 Maxwell's thermic engine {flame, freeze}
 11291 | D:9      | Reached XP level 11. HP: 75/75 MP: 17/17
 11520 | D:9      | Noticed Prince Ribbit
 11528 | D:9      | Killed Prince Ribbit
 11638 | D:9      | Found a staircase to the Orcish Mines.
 11655 | D:9      | Noticed Maggie
 11665 | D:9      | Killed Maggie
 11955 | D:9      | Noticed Psyche
 11962 | D:9      | Killed Psyche
 12149 | D:10     | Entered Level 10 of the Dungeon
 12457 | D:10     | Found the +12 Vampire's Tooth {vamp}
 12759 | D:10     | Killed an unseen horror
 12878 | D:10     | Killed an unseen horror
 13046 | D:11     | Reached ****** piety under Cheibriados
 13159 | D:11     | Reached XP level 12. HP: 82/82 MP: 18/18
 13251 | D:11     | Found a staircase to the Lair.
 13288 | D:11     | Found Tiavexef's Weapon Boutique.
 13384 | D:11     | HP: 2/84 [troll (11)]
 13834 | Lair:1   | Entered Level 1 of the Lair of Beasts
 14069 | Lair:1   | Noticed an eight-headed hydra
 14075 | Lair:1   | Killed an eight-headed hydra
 14075 | Lair:1   | Reached skill level 10 in Fighting
 14224 | Lair:1   | Noticed a six-headed hydra
 14228 | Lair:1   | Killed a six-headed hydra
 15310 | Lair:3   | Reached skill level 10 in Throwing
 15336 | Lair:3   | You fall into a shaft and drop 2 floors!
 15385 | Lair:5   | Found a frozen archway.
 15405 | IceCv    | Entered an ice cave
 15511 | IceCv    | Reached XP level 13. HP: 47/92 MP: 19/19
 15760 | IceCv    | Reached skill level 10 in Shields
 15976 | IceCv    | Got a twisted hunting sling
 16144 | Lair:5   | Found a viscous altar of Jiyva.
 16147 | Lair:5   | Found a staircase to the Slime Pits.
 16174 | Lair:5   | Found a sparkling altar of Nemelex Xobeh.
 16361 | Lair:5   | Identified the cursed +1 hunting sling "Laadargh" {vorpal,
                  | +Blink rN+ Int+4} (You found it in an ice cave)
 16882 | Lair:6   | Entered Level 6 of the Lair of Beasts
 16919 | Lair:5   | Reached skill level 10 in Unarmed Combat
 17367 | Lair:6   | HP: 4/92 [poisoned by a soldier ant]
 17613 | Lair:6   | Noticed an entropy weaver
 17630 | Lair:6   | Killed an entropy weaver
 17665 | Lair:6   | Reached XP level 14. HP: 99/99 MP: 20/20
 17713 | Lair:6   | Reached skill level 10 in Evocations
 17801 | Lair:6   | Reached skill level 1 in Spellcasting
 17915 | Lair:6   | Killed from afar by a fire dragon

Illustrated notes

Levels and vault maps discovered:
D:1:      psy_arrival_conway, layout_rooms, ashenzari_altar_1
D:2:      minmay_inner_zag, layout_loops_cross, chequers_ecumenical_altar_grove,
          uniq_terence
D:3:      layout_loops_cross, uniq_sigmund
D:4:      layout_basic, minmay_temple_entry_butterflies
D:5:      layout_layer_cave
D:6:      layout_basic, marbit_many_paths,
          chequers_temple_overflow_statue_of_worship,
          nicolae_overflow_crystal_walls, serial_shops, shop,
          minmay_starry_boxes, uniq_crazy_yiuf_cottage
D:7:      layout_cave_pools, kennysheep_mini, enter_ossuary_1,
          serial_gnoll_camp, gnoll_camp_mini_house, gnoll_camp_mini_basic,
          gnoll_camp_medium_01, gnoll_camp_mini_house, kennysheep_small_spiral
D:8:      minmay_blocky_corners, layout_basic, tgw_kikubaaqudgha, uniq_pikel
D:9:      layout_irregular_city, david_orc_2, grunt_decor_resistance,
          uniq_prince_ribbit1, uniq_psyche, uniq_maggie
D:10:     layout_cave_pools, minivault_26, minmay_guarded_unrand_vampires_tooth
D:11:     layout_loops_ring, minmay_lair_entry_grove, serial_shops, shop
Temple:   regret_index_temple_sphere_string
Lair:1:   layout_regular_city
Lair:2:   layout_regular_city, kennysheep_rathole
Lair:3:   layout_chaotic_city, skrybe_swamp_entry_bodies,
          spider_nest_entry_funnel_web
Lair:5:   layout_layer_cave, slime_altar_1, basic_altar,
          portal_ice_cave_demonic_guard, serial_bayou_shore_b, lemuel_fruit_tree
Lair:6:   hangedman_lair_in_review, layout_gridlike, guppyfry_lair_end_dragon,
          minivault_29

Skill      XL: |  1  2  3  4  5  6  7  8  9 10 11 12 13 14 |
---------------+-------------------------------------------+-----
Stealth        | 7 9 10 | 10.0
Dodging        | 3 4 5 |  5.0
Unarmed Combat | 3 4 5 6 7 10 | 10.0
Fighting       | 4 5 7 10 | 10.0
Throwing       | 3 5 8 10 | 10.0
Evocations     | 5 9 10 | 10.0
Invocations    | 7 9 |  9.0
Shields        | 5 8 9 10 | 10.0
Spellcasting   | 2 |  2.9

Action                   |  1- 3 |  4- 6 |  7- 9 | 10-12 | 13-15 || total
-------------------------+-------+-------+-------+-------+-------++-------
Melee: Unarmed           |    14 |    39 |   463 |   441 |   171 ||  1128
       Constrict         |     4 |     7 |   132 |   107 |    35 ||   285
       Tentacles         |     3 |    13 |   132 |   190 |    76 ||   414
       Punch             |       |     2 |    30 |    53 |    29 ||   114
Throw: Dart              |     4 |     6 |    10 |       |    69 ||    89
       Stone             |       |     1 |    27 |       |       ||    28
       Boomerang         |       |       |     3 |   176 |   125 ||   304
Invok: Slouch            |       |       |       |     7 |     2 ||     9
Evoke: Wand              |       |       |       |     5 |     1 ||     6
       Box of beasts     |       |       |       |     1 |     1 ||     2
  Use: Scroll            |     1 |       |     8 |    12 |     8 ||    29
       Potion            |       |       |       |     5 |     3 ||     8
 Stab: Sleeping          |       |     1 |    39 |    36 |     3 ||    79
       Distracted        |       |       |       |     1 |     2 ||     3
Armor: Skin              |     1 |       |    19 |    22 |     7 ||    49
Dodge: Dodged            |     5 |    15 |   267 |   303 |    97 ||   687
Block: Buckler           |       |       |       |   159 |    55 ||   214

Table legend: (Time is in decaauts)
 A = Elapsed time spent in this place.
 B = Non-inter-level travel time spent in this place.
 C = Inter-level travel time spent in this place.
 D = Time resting spent in this place.
 E = Time spent auto-exploring this place.
 F = Levels seen in this place.
 G = Mean time per level.
                   A        B        C        D        E       F      G
               +--------+--------+--------+--------+--------+-----+--------+
         Total |  25571 |  24442 |   1129 |   3857 |   9323 |  18 | 1420.6 |
       Dungeon |  18598 |  17617 |    981 |   3353 |   5749 |  11 | 1690.7 |
        Temple |    172 |    142 |     30 |      0 |    136 |   1 |  172.0 |
          Lair |   5935 |   5817 |    118 |    290 |   3438 |   5 | 1187.0 |
      Ice Cave |    865 |    865 |      0 |    214 |      0 |   1 |  865.0 |
               +--------+--------+--------+--------+--------+-----+--------+

Top non-repeatable levels by time:
     D:6: 3106 daAuts
     D:7: 2272 daAuts
     D:5: 2049 daAuts
     D:4: 1911 daAuts
  Lair:5: 1813 daAuts
     D:9: 1484 daAuts
    D:11: 1482 daAuts
     D:2: 1437 daAuts
  Lair:2: 1393 daAuts
  Lair:1: 1370 daAuts
     D:8: 1324 daAuts
  Lair:6: 1286 daAuts
    D:10: 1275 daAuts
     D:3: 1248 daAuts
     D:1: 1007 daAuts
